 Dungeon Crawl Stone Soup version 0.22.1-1-ga44c0e5 (webtiles) character file.

1110 Lauz the Magician (level 8, -1/41 HPs)
             Began as a Deep Elf Fire Elementalist on Nov 1, 2018.
             Was a Follower of Vehumet.
             Slain by a centaur skeleton (5 damage)
             ... on level 6 of the Dungeon.
             The game lasted 00:32:26 (6889 turns).

Lauz the Magician (Deep Elf Fire Elementalist)      Turns: 6889, Time: 00:32:27

Health: -1/41      AC:  3    Str:  5    XL:     8   Next: 11%
Magic:  3/21       EV: 13    Int: 23    God:    Vehumet [*.....]
Gold:   294        SH:  0    Dex: 15    Spells: 5/22 levels left

rFire    . . .     SeeInvis .   (no weapon)
rCold    . . .     Gourm    +   (no shield)
rNeg     . . .     Faith    .   a - +0 robe
rPois    .         Spirit   .   (no helmet)
rElec    .         Reflect  .   (no cloak)
rCorr    .         Harm     .   i - +0 pair of gloves
MR       .....                  (no boots)
Stlth    ++........             s - amulet of the gourmand
HPRegen  0.13/turn              (no ring)
MPRegen  0.17/turn              (no ring)

@: no status effects
A: no striking features
a: Renounce Religion


You were on level 6 of the Dungeon.
You worshipped Vehumet.
Vehumet was aware of your devotion.
You were near starving.

You visited 1 branch of the dungeon, and saw 6 of its levels.
You also visited: Ossuary.

You collected 294 gold pieces.

Inventory:

Armour
 a - a +0 robe (worn)
 i - a +0 pair of gloves (worn)
 x - a +0 troll leather armour {Purgy}
Jewellery
 s - an amulet of the gourmand (around neck)
Wands
 o - a wand of iceblast (20)
Scrolls
 b - a scroll of magic mapping {unknown}
 e - 5 scrolls of teleportation
 k - 3 scrolls of remove curse
 q - a scroll of identify
 t - a scroll of torment {unknown}
 y - a scroll of enchant weapon {unknown}
Potions
 d - a potion of ambrosia
 f - 2 potions of lignification
 g - 6 potions of curing
 h - 3 potions of heal wounds {unknown}
 j - 2 potions of flight
 l - a potion of invisibility {unknown}
 m - a potion of mutation {unknown}
 n - a potion of haste {unknown}
 p - a potion of resistance {unknown}
 r - 2 potions of agility {unknown}
 u - a potion of experience {unknown}
 v - 2 potions of cancellation {unknown}
 w - 3 potions of degeneration {unknown}
Comestibles
 c - 9 rations


   Skills:
 + Level 3.3 Dodging
 - Level 2.8 Stealth
 * Level 7.6 Spellcasting
 * Level 5.9 Conjurations
 * Level 6.4 Fire Magic
 + Level 0.5 Air Magic
 + Level 0.9 Poison Magic


You had 5 spell levels left.
You knew the following spells:

 Your Spells              Type           Power        Failure   Level  Hunger
a - Flame Tongue          Conj/Fire      #####        1%          1    None
b - Conjure Flame         Conj/Fire      #####...     1%          3    None
c - Sticky Flame          Conj/Fire      #####...     5%          4    ###....
d - Mephitic Cloud        Conj/Pois/Air  ###.....     8%          3    None
e - Fireball              Conj/Fire      #####.....   16%         5    #####..
f - Shock                 Conj/Air       ###.         1%          1    None

Your spell library contained the following spells:

 Spells                   Type           Power        Failure   Level  Hunger
 Sting                    Conj/Pois      ###.         1%          1    None
 Throw Flame              Conj/Fire      #####.       1%          2    None
 Inner Flame              Hex/Fire       ###.....     6%          3    None
 Poisonous Vapours        Pois/Air       ##....       9%          2    None
 Olgreb's Toxic Radiance  Pois           ##......     43%         4    ###....
 Venom Bolt               Conj/Pois      ###.......   43%         5    #####..


Dungeon Overview and Level Annotations

Branches:
Dungeon (6/15)             Temple (0/1) D:6

Altars:
Gozag
Okawaru
Qazlal
Sif Muna
Uskayaw
Vehumet

Annotations:
D:3 2 transporters
D:4 Velaskes's ghost, amateur DEWz


Message History

The hound is covered in liquid flames!
The hound burns!
You kill the hound!
Vehumet accepts your kill.
You feel your power returning.
The centaur skeleton hits you but does no damage.
The centaur skeleton misses you. The centaur skeleton hits you.
* * * LOW HITPOINT WARNING * * *
Your magical contamination has completely faded away.
The centaur skeleton hits you.
* * * LOW HITPOINT WARNING * * *
Casting: Sticky Flame (safe; 5% risk of failure)
Confirm with . or Enter, or press ? or * to list all spells.
You don't have enough magic to cast that spell.
Unknown command.
Casting: Sticky Flame (safe; 5% risk of failure)
Confirm with . or Enter, or press ? or * to list all spells.
You don't have enough magic to cast that spell.
The centaur skeleton hits you.
You die...

..........#####.........#
..#######.# ######.##.##
#.# #.##... #.# #.####.
#.# #.####. #.# #......
.#######.# #......
........Z# #######
########@# #####
#.############....
#..............###
################


You could see a centaur skeleton.

Vanquished Creatures
  A sky beast (D:5)
  Purgy (D:3)
  A phantom (D:5)
  3 bullfrogs (D:6)
  A scorpion (D:5)
  2 howler monkeys
  A crimson imp (D:6)
  3 hounds
  A centaur zombie (Ossuary)
  2 orc wizards (D:6)
  3 worker ants
  12 adders
  2 shadow imps
  3 oozes
  4 adder zombies
  A dart slug (D:1)
  4 leopard geckos
  5 orcs
  7 giant cockroaches
  7 goblins
  9 hobgoblins
  5 jackals
  3 quokkas
  2 ball python skeletons (Ossuary)
  6 bats
  6 frilled lizards
  A hobgoblin zombie (Ossuary)
  A jackal zombie (D:6)
  10 kobolds
  2 orc zombies (Ossuary)
  A quokka skeleton (D:5)
  10 rats
120 creatures vanquished.

Notes
Turn   | Place    | Note
-------+----------+-------------------------------------------
     0 | D:1      | Lauz the Deep Elf Fire Elementalist began the quest for the
                  | Orb.
     0 | D:1      | Reached XP level 1. HP: 10/10 MP: 6/6
   128 | D:1      | Reached XP level 2. HP: 15/15 MP: 6/8
   391 | D:1      | Reached XP level 3. HP: 19/19 MP: 3/9
  1184 | D:2      | Learned a level 3 spell: Conjure Flame
  1279 | D:2      | Found a hide-covered altar of Uskayaw.
  1387 | D:2      | Reached XP level 4. HP: 14/24 MP: 5/11
  1622 | D:2      | Found a stormy altar of Qazlal.
  1940 | D:2      | Reached skill level 4 in Spellcasting
  2278 | D:2      | Reached XP level 5. HP: 28/28 MP: 10/13
  2279 | D:2      | Found an opulent altar of Gozag.
  2576 | D:3      | Noticed Purgy
  2696 | D:2      | Learned a level 4 spell: Sticky Flame
  2912 | D:3      | Found a deep blue altar of Sif Muna.
  3125 | D:3      | Found a transporter.
  3143 | D:3      | Found a transporter.
  3171 | D:3      | Found an iron altar of Okawaru.
  3337 | D:3      | Killed Purgy
  3337 | D:3      | Reached skill level 5 in Spellcasting
  3337 | D:3      | Reached skill level 5 in Fire Magic
  3337 | D:3      | Reached XP level 6. HP: 31/32 MP: 7/15
  3797 | D:4      | Found a runed door.
  3986 | D:4      | Found a radiant altar of Vehumet.
  4053 | D:4      | Became a worshipper of Vehumet
  4207 | D:4      | Noticed Velaskes's ghost (amateur DEWz)
  4635 | D:5      | Entered Level 5 of the Dungeon
  4658 | D:5      | Learned a level 3 spell: Mephitic Cloud
  4797 | D:5      | Noticed a sky beast
  4806 | D:5      | Killed a sky beast
  4905 | D:5      | Reached XP level 7. HP: 31/36 MP: 14/17
  4941 | D:5      | Found a sand-covered staircase.
  4949 | Ossuary  | Entered an ossuary
  4967 | Ossuary  | Learned a level 5 spell: Fireball
  5128 | Ossuary  | Reached skill level 6 in Spellcasting
  5211 | Ossuary  | Noticed a flying skull
  5211 | Ossuary  | Noticed a wraith
  5218 | Ossuary  | Noticed a flying skull
  5246 | Ossuary  | Noticed a flying skull
  5259 | Ossuary  | Noticed a wraith
  6354 | D:6      | Found a staircase to the Ecumenical Temple.
  6357 | D:6      | Reached skill level 5 in Conjurations
  6580 | D:6      | Reached skill level 7 in Spellcasting
  6627 | D:6      | Reached * piety under Vehumet
  6627 | D:6      | Offered knowledge of Shock by Vehumet.
  6630 | D:6      | Learned a level 1 spell: Shock
  6846 | D:6      | Reached XP level 8. HP: 41/41 MP: 5/21
  6889 | D:6      | Slain by a centaur skeleton

Skill      XL: |  1  2  3  4  5  6  7 |
---------------+----------------------+-----
Fire Magic     | 4 5 6 |  6.4
Conjurations   | 2 3 4 5 |  5.9
Spellcasting   | 4 5 7 |  7.6
Dodging        | 3 |  3.3
Stealth        | |  2.8
Air Magic      | |  0.5
Poison Magic   | |  0.9

Action                   |  1- 3 |  4- 6 |  7- 9 || total
-------------------------+-------+-------+-------++-------
Melee: Unarmed           |       |       |    13 ||    13
 Cast: Flame Tongue      |    62 |   102 |    62 ||   226
       Conjure Flame     |     1 |     1 |     1 ||     3
       Sticky Flame      |       |     5 |     4 ||     9
       Mephitic Cloud    |       |     1 |     3 ||     4
       Shock             |       |       |    10 ||    10
       Fireball          |       |       |     6 ||     6
  Use: Scroll            |       |     9 |     4 ||    13
  Eat: Chunk             |     1 |     3 |     2 ||     6
       Ration            |       |     3 |     1 ||     4
Armor: Robe              |     5 |     5 |    12 ||    22
Dodge: Dodged            |    15 |    27 |    52 ||    94
